Selects Airborne Battlegroup
Selects Heavy Machine Gun Paradrop
Heavy Machine Gun Paradrop
Heavy Machine Gun Paradrop
Construct Medical Station
Selects Paratrooper Squad Paradrop
Paratrooper Squad Paradrop
Paratrooper Squad Paradrop
Construct Weapon Support Center
M4(105) Sherman Bulldozer
Selects Anti-tank Gun Team Paradrop
Paratrooper Squad Paradrop
Selects Dual P-47 Rocket Strike
Paratrooper Squad Paradrop
Paratrooper Squad Paradrop
Anti-tank Gun Team Paradrop
M18 Hellcat Tank Destroyer
Heavy Machine Gun Paradrop
Paratrooper Squad Paradrop